 Dungeon Crawl Stone Soup version 0.30-a0-718-geaa24f58ff (webtiles) character file.

Game seed: 13530736753196880952

60 ASSMAN the Firebug (level 3, 0/28 HPs)
             Began as a Deep Elf Fire Elementalist on Jan 25, 2023.
             Was a Follower of Trog.
             Succumbed to an adder's poison
             ... on level 2 of the Dungeon.
             The game lasted 00:04:04 (1494 turns).

ASSMAN the Firebug (Deep Elf Fire Elementalist)     Turns: 1494, Time: 00:04:06

Health: 0/28       AC:  2    Str:  5    XL:     3   Next: 80%
Magic:  10/10      EV: 13    Int: 21    God:    Trog [*.....]
Gold:   66         SH:  0    Dex: 15    Spells: 6/9 levels left

rFire   . . .      SeeInvis .    k - +0 rapier
rCold   . . .      Faith    .    (no shield)
rNeg    . . .      Spirit   .    a - +0 robe
rPois   .          Reflect  .    (no helmet)
rElec   .          Harm     .    (no cloak)
rCorr   .          Rampage  .    (no gloves)
Will    .....                    (no boots) Stlth
                                 (no amulet)
HPRegen 0.24/turn                (no ring)
MPRegen 0.12/turn                (no ring)

@: berserking (expiring), lethally poisoned (0 -> -5), very quick
A: no striking features
a: Renounce Religion, Berserk


You were on level 2 of the Dungeon.
You worshipped Trog.
Trog was aware of your devotion.
You visited 1 branch of the dungeon, and saw 2 of its levels.

You collected 66 gold pieces.

Inventory:

Hand Weapons
 k - a +0 rapier (weapon)
Armour
 a - a +0 robe (worn)
Scrolls
 d - 2 scrolls of magic mapping {unknown}
 f - 3 scrolls of identify {unknown}
 i - 4 scrolls of blinking {unknown}
Potions
 b - a potion of magic
 c - a potion of brilliance {unknown}
 e - a potion of flight {unknown}
 g - a potion of lignification {unknown}
 h - 2 potions of mutation {unknown}
 j - a potion of cancellation {unknown}


   Skills:
 + Level 3.6 Dodging
 - Level 2.4 Stealth
 - Level 3.7 Spellcasting
 - Level 2.0 Conjurations
 - Level 3.8 Fire Magic


You had 6 spell levels left.
You knew the following spells:

 Your Spells              Type           Power      Damage    Failure   Level
a - Foxfire               Conj/Fire      64%        2x1d7     3%          1
b - Scorch                Fire           40%        2d7       3%          2

Your spell library contained the following spells:

 Spells                   Type           Power      Damage    Failure   Level
 Inner Flame              Hex/Fire       11%        N/A       17%         3
 Kindle Blastsparks       Fire/Tloc/Air  18%        2d11      22%         3
 Flame Wave               Conj/Fire      16%        2d7       36%         4


Dungeon Overview and Level Annotations

Branches:
Dungeon (2/15)

Altars:
Trog


Message History

You miss the adder. The adder completely misses you.
You barely miss the adder. The adder bites you. x2
You are poisoned.
The adder poisons you!
You hit the adder.
The adder is lightly wounded.
You feel sick. The adder closely misses you.
You barely miss the adder.
The adder is lightly wounded.
You feel sick. The adder bites you.
You are more poisoned.
The adder poisons you! The adder barely misses you.
You fail to use your ability.
You feel sick. The adder misses you.
A red film seems to cover your vision as you go berserk!
You feel yourself moving faster!
You feel mighty!
You feel sick. The adder bites you but does no damage.
The adder closely misses you.
You miss the adder.
The adder is lightly wounded.
The adder bites you.
You are more poisoned.
The adder poisons you!
You completely miss the adder.
You feel sick. The adder barely misses you.
You miss the adder.
You feel sick. The adder bites you but does no damage.
You barely miss the adder.
You feel sick. The adder bites you.
* * * LOW HITPOINT WARNING * * *
You closely miss the adder.
You feel sick. The adder bites you.
* * * LOW HITPOINT WARNING * * *
You are lethally poisoned!
The adder poisons you!
You hit the adder.
The adder is heavily wounded.
* * * LOW HITPOINT WARNING * * *
You feel sick. The adder barely misses you.
You miss the adder.
The adder is heavily wounded.
* * * LOW HITPOINT WARNING * * *
You feel sick. The adder closely misses you.
You hit the adder.
The adder is almost dead.
You die...

#...##
#...........#
.#...##
#.##.######.#
....#.# #.##.#
#†# .##..##
#.##.# #.# #
..#.## #.##.#
#.#.# .#..#
#.....#####.#.#
.##.# .
...[...#....#
.##.# .#
#..?..###
.##.#...
#.@#.##
†##..... #.S#.#
.#...... #..#.#
........ #..#.#
.#.#....
.......)#
.....#.#
.#.#..###
.......# .#..#
##...... .#...#
##...... #.##


You could see an adder.

Vanquished Creatures
  An adder (D:2)
  A dart slug (D:1)
  5 ball pythons (D:1)
  6 bats
  4 endoplasms
  2 giant cockroaches (D:1)
  5 goblins
  5 hobgoblins
  5 jackals (D:2)
  2 quokkas (D:1)
  2 frilled lizards (D:1)
  3 kobolds
  A rat (D:1)
42 creatures vanquished.

Vanquished Creatures (others)
  52 foxfires (D:1)
52 creatures vanquished.

Grand Total: 94 creatures vanquished

Notes
Turn   | Place    | Note
-------+----------+-------------------------------------------
     0 | D:1      | ASSMAN the Deep Elf Fire Elementalist began the quest for
                  | the Orb.
     0 | D:1      | Reached XP level 1. HP: 10/10 MP: 6/6
   181 | D:1      | Reached XP level 2. HP: 15/15 MP: 6/8
   220 | D:1      | Learned a level 2 spell: Scorch
   569 | D:1      | Found a faded altar of an unknown god.
   606 | D:1      | Reached XP level 3. HP: 19/19 MP: 8/10
   634 | D:1      | Prayed at the altar of an unknown god.
   634 | D:1      | Became a worshipper of Trog the Wrathful
   634 | D:1      | Reached * piety under Trog
  1493 | D:2      | HP: 1/28 [poisoned by an adder]
  1494 | D:2      | Succumbed to an adder's poison

Illustrated notes

Levels and vault maps discovered:
D:1:      eino_arrival_water_star, layout_basic,
          hellmonk_ecumenical_altar_inner_sanctum
D:2:      layout_loops_ring

Skill      XL: |  1  2  3 |
---------------+----------+-----
Conjurations   | 2 |  2.0
Dodging        | 3 |  3.6
Stealth        | |  2.4
Spellcasting   | |  3.7
Fire Magic     | |  3.8

Action                     || total
---------------------------++-------
  Melee: Rapier            ||    35
         Dagger            ||    24
         Unarmed           ||     5
   Cast: Foxfire           ||    30
 Invoke: Berserk           ||     7
   Stab: Sleeping          ||     6
         Distracted        ||     1
 Armour: Robe              ||    13
  Dodge: Dodged            ||    46

Table legend: (Time is in decaauts)
 A = Elapsed time spent in this place.
 B = Non-inter-level travel time spent in this place.
 C = Inter-level travel time spent in this place.
 D = Time resting spent in this place.
 E = Time spent auto-exploring this place.
 F = Levels seen in this place.
 G = Mean time per level.
                   A        B        C        D        E       F      G
               +--------+--------+--------+--------+--------+-----+--------+
         Total |   1561 |   1502 |     59 |    149 |   1073 |   2 |  780.5 |
       Dungeon |   1561 |   1502 |     59 |    149 |   1073 |   2 |  780.5 |
               +--------+--------+--------+--------+--------+-----+--------+

Top non-repeatable levels by time:
     D:1: 1068 daAuts
     D:2: 493 daAuts
